 Dungeon Crawl Stone Soup version 0.13-a0-2156-ga9a2eb8 (webtiles) character file.

92 Mathinus the Firebug (level 3, 0/27 HPs)
             Began as a Djinni Fire Elementalist on June 30, 2013.
             Slain by an adder (2 damage)
             ... on Level 2 of the Dungeon.
             The game lasted 00:08:49 (1282 turns).

Mathinus the Firebug (Djinni Fire Elementalist)     Turns: 1282, Time: 00:08:49

HP   0/27        AC  3     Str  8      XL: 3   Next: 17%
MP   0/0         EV 12     Int 16      God:
Gold 57          SH  0     Dex 13      Spells:  2 memorised,  2 levels left

Res.Fire  : + + +   See Invis. : .   c - -1,+0 orc dagger
Res.Cold  : x . .   Warding    : .   a - +0 robe
Life Prot.: + + +   Conserve   : .   (no shield)
Res.Poison: .       Res.Corr.  : .   (no helmet)
Res.Elec. : .       Clarity    : .   f - +0 cloak (curse)
Sust.Abil.: . .     Spirit.Shd : .   (no gloves)
Res.Mut.  : .       Stasis     : .   (boots unavailable)
Res.Rott. : .       Flight     : .   (no amulet)
Saprovore : . . .                    (no ring)
                                     (no ring)

@: mildly poisoned, very slightly contaminated, not resistant to hostile
enchantments, unstealthy
A: no striking features
a: no special abilities


You were on level 2 of the Dungeon.
You were not hungry.

You visited 1 branch of the dungeon, and saw 2 of its levels.

You collected 37 gold pieces.

Inventory:

Hand weapons
 c - a -1,+0 orcish dagger (weapon)
Missiles
 d - 19 darts (quivered)
Armour
 a - a +0 robe (worn)
 f - a cursed +0 cloak (worn)
Scrolls
 h - 2 scrolls of identify {unknown}
 j - a scroll of remove curse {unknown}
Potions
 e - a potion of invisibility {unknown}
 g - a potion of brilliance {unknown}
 i - a potion of agility {unknown}
Books
 b - a book of Flames

   Spells                             Type                      Level
   *Flame Tongue                      Conjuration/Fire             1
   *Throw Flame                       Conjuration/Fire             2
   Conjure Flame                      Conjuration/Fire             3
   Inner Flame                        Hexes/Fire                   3
   Sticky Flame                       Conjuration/Fire             4
   Fireball                           Conjuration/Fire             5


   Skills:
 + Level 2.1 Dodging
 + Level 2.0 Stealth
 + Level 1.8 Spellcasting
 + Level 1.2 Conjurations
 + Level 4.7 Fire Magic


You had 2 spell levels left.
You knew the following spells:

 Your Spells              Type           Power        Failure   Level  Hunger
a - Flame Tongue          Conj/Fire      ##...        10%         1    ##.....
b - Throw Flame           Conj/Fire      ##....       12%         2    ###....


Dungeon Overview and Level Annotations

Branches:
Dungeon (2/27)

Altars:
Okawaru


Message History

Aiming: Flame Tongue
Press: ? - help, Shift-Dir - straight line, f/p - adder
Aim: an adder The flame hits the adder.
The adder is heavily wounded.
The adder bites you.
* * * LOW HITPOINT WARNING * * *
You are more poisoned.
The adder poisons you!
* * * LOW HITPOINT WARNING * * *
You feel sick. The adder bites you.
* * * LOW HITPOINT WARNING * * *
Casting: Flame Tongue
Confirm with . or Enter, or press ? or * to list all spells.
You don't have enough magic to cast that spell.
Unknown command.
* * * LOW HITPOINT WARNING * * *
You feel sick. The adder bites you.
You die...

#.##.#.##.<.##.#...#
####.##.#).#...#.###.##
#.%..)..#.#.###.## #.#
#...#...#.##.#.## #.##
#..#.#....##..#### #..####
#.#._.#..#.......###.#...#
###(.#.#...#..........###..#
......#....#.......#.#...#.##
..)............S@...##.<.##.#
....#.##.#.#.......#.#...#.##
#.###.##.#.#.......##.###..#
#.# #......#.......##..#.#.#
#.######.######..####......#
...####........#.## ####.###
.........####.###.## #.#
...####..###.#...#.## #.#
#### #.....##.<.##.# #.#


You could see an adder.

Vanquished Creatures
  3 giant geckos (D:1)
  3 giant cockroaches (D:1)
  8 hobgoblins
  A giant newt (D:1)
  9 goblins
  3 kobolds (D:1)
  4 rats
31 creatures vanquished.

Notes
Turn   | Place    | Note
--------------------------------------------------------------
     0 | D:1      | Mathinus, the Djinni Fire Elementalist, began the quest for the Orb.
     0 | D:1      | Reached XP level 1. HP: 14/14 MP: 0/0
   278 | D:1      | Reached XP level 2. EP: 12/21
   541 | D:1      | Learned a level 2 spell: Throw Flame
   977 | D:2      | Found an iron altar of Okawaru.
   998 | D:2      | Reached XP level 3. EP: 12/27
  1008 | D:2      | HP: 1/27 [hobgoblin/club (5)]
  1279 | D:2      | HP: 1/27 [poisoned by an adder]
  1282 | D:2      | Slain by an adder

Action                   || total
-------------------------++-------
Melee: Dagger            ||     5
Throw: Dart              ||     3
 Cast: Flame Tongue      ||    36
       Throw Flame       ||    19
  Use: Scroll            ||     2
